 Dungeon Crawl Stone Soup version 0.31-a0-233-g139696dc86 (webtiles) character file.

Game seed: 3399998781638088457

23 qw the Shooter (level 3, -2/21 HPs)
             Began as a Gargoyle Hexslinger on July 8, 2023.
             Killed from afar by Sigmund (11 damage)
             ... with a puff of flame
             ... on level 2 of the Dungeon.
             The game lasted 00:00:16 (594 turns).

qw the Shooter (Gargoyle Hexslinger)                 Turns: 594, Time: 00:00:16

Health: -2/21      AC:  5    Str: 11    XL:     3   Next: 0%
Magic:  4/4        EV: 12    Int: 13    God:
Gold:   64         SH:  0    Dex: 14    Spells: 3/4 levels left

rFire   . . .        a - +1 sling
rCold   . . .        (no shield)
rNeg    + . .        c - +0 robe
rPois   inf          (no helmet)
rElec   +            (no cloak)
rCorr   .            (no gloves)
SInv    .            (no boots)
Will    .....        (no amulet)
Stlth   +            (no ring)
HPRegen 0.23/turn    (no ring)
MPRegen 0.09/turn

%: no passive effects
@: no status effects
A: sickness immunity, AC +3, negative energy resistance 1, electricity
resistance, torment resistance 1, petrification resistance
a: no special abilities


You were on level 2 of the Dungeon.
You visited 1 branch of the dungeon, and saw 2 of its levels.

You collected 64 gold pieces.


Innate Abilities, Weirdness & Mutations

You are immune to sickness and miasma.
Your stone body is resilient. (AC +3)
You are immune to poison.
You resist negative energy. (rN+)
You are resistant to electric shocks. (rElec)
You are resistant to unholy torment.
You are immune to petrification.


   Skills:
 - Level 2.0 Fighting
 + Level 3.0 Ranged Weapons
 - Level 1.5 Dodging
 - Level 1.0 Spellcasting
 - Level 2.6 Hexes


You had 3 spell levels left.
You knew the following spells:

 Your Spells              Type           Power      Damage    Failure   Level
a - Slow                  Hex            28%        N/A       10%         1

Your spell library contained the following spells:

 Spells                   Type           Power      Damage    Failure   Level
 Inner Flame              Hex/Fire       4%         N/A       43%         3
 Portal Projectile        Hex/Tloc       8%         N/A       43%         3
 Cause Fear               Hex            3%         N/A       67%         4

Inventory:

Hand Weapons
 a - a +1 sling (weapon)
Armour
 c - a +0 robe (worn)
 i - a +0 ring mail
Scrolls
 b - a scroll of poison
 d - a scroll of butterflies {unknown}
 f - a scroll of vulnerability {unknown}
 g - 2 scrolls of teleportation {unknown}
 j - a scroll of torment {unknown}
Potions
 e - a potion of curing {unknown}
 h - a potion of degeneration {unknown}

Dungeon Overview and Level Annotations

Branches:
Dungeon (1/15)

Altars:

Annotations:
D:2 Sigmund


Message History

Waypoint 1 assigned to D:2.
You shoot a sling bullet. The sling bullet hits the kobold.
You kill the kobold!
A frilled lizard comes into view.
You shoot a sling bullet.
The sling bullet barely misses the frilled lizard.
The frilled lizard hisses angrily.
You shoot a sling bullet.
The sling bullet barely misses the frilled lizard.
You shoot a sling bullet.
The sling bullet hits the frilled lizard.
You kill the frilled lizard!
Your Fighting skill increases to level 2!
You have reached level 3!
Your experience leads to an increase in your attributes!
Increase (S)trength, (I)ntelligence, or (D)exterity?
You feel agile. x2
j - a scroll labelled ATOCESTEIK
Things that are here:
a +0 whip; 5 stones; a kobold corpse You now have 42 gold pieces (gained 6).
You now have 51 gold pieces (gained 9).
You now have 64 gold pieces (gained 13).
Sigmund the Dreaded comes into view.
He is wielding a +0 scythe and carrying a wand of flame (21).
Sigmund shouts!
Enter note: You shoot a sling bullet.
The sling bullet closely misses Sigmund.
Sigmund zaps a wand.
The puff of flame hits you!
You shoot a sling bullet. The sling bullet barely misses Sigmund.
You shoot a sling bullet.
The sling bullet hits Sigmund but does no damage.
You shoot a sling bullet.
The sling bullet closely misses Sigmund.
Sigmund zaps a wand.
The puff of flame hits you.
You shoot a sling bullet.
The sling bullet closely misses Sigmund.
Sigmund zaps a wand.
The puff of flame hits you!
Ouch! That really hurt!
You die...

#.##.# #.#...#### #.##.#
#.^.#....# #....#
###...##.# ###..#
##.###.# #..# #.# #.#
#..# #.# #.# #..# #.#
#.######## #..#
###########.###.........
#...
....@..@.......#########
##.#
.#############.########
#......... ##########


You could see Sigmund.

Vanquished Creatures
  2 endoplasms (D:1)
  A giant cockroach (D:1)
  2 goblins (D:1)
  2 hobgoblins (D:1)
  3 quokkas (D:1)
  4 ball pythons (D:1)
  A bat (D:1)
  2 frilled lizards
  2 kobolds
  4 rats (D:1)
23 creatures vanquished.

Notes
Turn   | Place    | Note
-------+----------+-------------------------------------------
     0 | D:1      | qw the Gargoyle Hexslinger began the quest for the Orb.
     0 | D:1      | Reached XP level 1. HP: 12/12 MP: 2/2
     0 | D:1      | 0 ||| qw: Version: 0.3-a-46-gb1f654a
     0 | D:1      | 0 ||| qw: Game counter: 3700
     0 | D:1      | 0 ||| qw: Melee chars always use a shield: true
     0 | D:1      | 0 ||| qw: God list: Okawaru
     0 | D:1      | 0 ||| qw: Allow faded altars: false
     0 | D:1      | 0 ||| qw: Do Orc after clearing Dungeon:15 true
     0 | D:1      | 0 ||| qw: Do second Lair branch before Depths: true
     0 | D:1      | 0 ||| qw: Lair rune preference: random
     0 | D:1      | 0 ||| qw: Goals: Normal
     0 | D:1      | 0 ||| PLANNING D:1-11
    75 | D:1      | 75 ||| FLEEEEING.
    76 | D:1      | 76 ||| FLEEEEING.
    77 | D:1      | 77 ||| FLEEEEING.
   145 | D:1      | Reached XP level 2. HP: 16/16 MP: 3/3
   318 | D:1      | Reached skill level 3 in Ranged Weapons
   482 | D:1      | You fall into a shaft and drop 1 floor!
   493 | D:2      | Reached XP level 3. HP: 21/21 MP: 4/4
   589 | D:2      | Noticed Sigmund
   594 | D:2      | Killed from afar by Sigmund

Levels and vault maps discovered:
D:1:      dpeg_arrival_houses_and_road, layout_loops_ring
D:2:      layout_loops_ring, nicolae_ecumenical_lake_church, uniq_sigmund

Skill      XL: |  1  2 |
---------------+-------+-----
Ranged Weapons | 3 |  3.0
Fighting       | 2 |  2.0
Dodging        | |  1.5
Spellcasting   | |  1.0
Hexes          | |  2.6

Action                     || total
---------------------------++-------
   Fire: Sling             ||    72
 Armour: Robe              ||     9
  Dodge: Dodged            ||    13

Table legend:
 A = Non-vault XP
 B = Vault XP
 C = Vault XP percentage of total XP
 D = Non-vault monster count
 E = Vault monster count
 F = Vault count percentage of total count
                 A         B        C        D         E       F
            +---------+---------+-------+---------+---------+-------
      Total |      34 |       0 |   0.0 |      23 |       0 |   0.0
            +---------+---------+-------+---------+---------+-------
        D:1 |      32 |       0 |   0.0 |      21 |       0 |   0.0
        D:2 |       2 |       0 |   0.0 |       2 |       0 |   0.0
            +---------+---------+-------+---------+---------+-------
